 Dungeon Crawl Stone Soup version 0.31-a0-237-g2d982f9f85 (webtiles) character file.

Game seed: 10199653750212033762

39 Nattfarinn the Stinger (level 3, -3/24 HPs)
             Began as a Demonspawn Venom Mage on July 11, 2023.
             Slain by an iguana (9 damage)
             ... on level 3 of the Dungeon.
             The game lasted 00:02:39 (1737 turns).

Nattfarinn the Stinger (Demonspawn Venom Mage)      Turns: 1737, Time: 00:02:40

Health: -3/24      AC:  2    Str:  8    XL:     3   Next: 28%
Magic:  0/6        EV: 12    Int: 18    God:
Gold:   95         SH:  0    Dex: 13    Spells: 5/7 levels left

rFire   . . .        k - +0 sling
rCold   . . .        (no shield)
rNeg    . . .        a - +0 robe
rPois   .            (helmet restricted)
rElec   .            (no cloak)
rCorr   .            (no gloves)
SInv    .            (no boots)
Will    .....        f - amulet of regeneration
Stlth   ++           (no ring)
HPRegen 1.04/turn    (no ring)
MPRegen 0.10/turn

%: no passive effects
@: very slightly contaminated
A: antennae 1, wild magic 1
a: no special abilities


You were on level 3 of the Dungeon.
You visited 1 branch of the dungeon, and saw 3 of its levels.

You collected 95 gold pieces.

Inventory:

Hand Weapons
 k - a +0 sling (weapon)
Armour
 a - a +0 robe (worn)
Jewellery
 f - an amulet of regeneration (around neck)
Scrolls
 e - a scroll of enchant weapon {unknown}
 i - a scroll of fear {unknown}
 j - a scroll of fog {unknown}
 m - a scroll of identify {unknown}
Potions
 b - a potion of magic
 d - 2 potions of berserk rage {unknown}
 h - a potion of brilliance {unknown}
 l - a potion of lignification {unknown}
 n - a potion of degeneration {unknown}
 o - a potion of invisibility {unknown}


   Skills:
 - Level 1.7 Dodging
 - Level 1.7 Stealth
 + Level 2.6 Spellcasting
 - Level 0.8 Transmutations
 * Level 4.0 Poison Magic


You had 5 spell levels left.
You knew the following spells:

 Your Spells              Type           Power      Damage    Failure   Level
a - Sting                 Tmut/Pois      56%        1d5       10%         1
b - Shock                 Conj/Air       12%        1d3       24%         1

Your spell library contained the following spells:

 Spells                   Type           Power      Damage    Failure   Level
 Poisonous Vapours        Pois/Air       24%        N/A       17%         2
 Blink                    Tloc           6%         N/A       34%         2
 Mephitic Cloud           Conj/Pois/Air  9%         N/A       38%         3
 Olgreb's Toxic Radiance  Pois           21%        N/A       41%         4
 Swiftness                Air            3%         N/A       54%         3
 Airstrike                Air            1%         2d(1-17)  90%         4
 Manifold Assault         Tloc           3%         N/A       90%         4
 Storm Form               Tmut/Air       2%         N/A       100%        7


Dungeon Overview and Level Annotations

Branches:
Dungeon (3/15)

Altars:

Annotations:
D:3 Grinder


Innate Abilities, Weirdness & Mutations

You have a pair of small antennae on your head.
Your spells are a little harder to cast, but a little more powerful.


Message History

Casting: Shock (safe; 24% risk of failure)
Confirm with . or Enter, or press ? or * to list all spells.
Aiming: Sting (safe; 10% risk of failure)
Press: ? - help, Shift-Dir - straight line, f - hobgoblin
Aim: a hobgoblin (71% to hit)
The sting hits the hobgoblin.
The hobgoblin is poisoned.
The hobgoblin is heavily wounded.
The hobgoblin hits you.
You shoot a sling bullet. The sling bullet hits the hobgoblin.
You kill the hobgoblin!
The iguana barely misses you.
Your Poison Magic skill increases to level 4!
The sting hits the iguana but does no damage.
The iguana is poisoned.
The iguana bites you!
* * * LOW HITPOINT WARNING * * *
You are too injured to fight recklessly!
Casting: Sting (safe; 10% risk of failure)
Confirm with . or Enter, or press ? or * to list all spells.
Aiming: Sting (safe; 10% risk of failure)
Press: ? - help, Shift-Dir - straight line, f/p - iguana
Aim: an iguana (lightly wounded, poisoned, 75% to hit)
You miscast Sting.
You are very lightly contaminated with residual magic.
Nothing appears to happen.
The iguana closely misses you.
Unknown command.
Casting: Sting (safe; 10% risk of failure)
Confirm with . or Enter, or press ? or * to list all spells.
Aiming: Sting (safe; 10% risk of failure)
Press: ? - help, Shift-Dir - straight line, f/p - iguana
Aim: an iguana (lightly wounded, poisoned, 75% to hit)
You miscast Sting.
Nothing appears to happen.
The iguana bites you.
* * * LOW HITPOINT WARNING * * *
Unknown command.
Casting: Sting (safe; 10% risk of failure)
Confirm with . or Enter, or press ? or * to list all spells.
Aiming: Sting (safe; 10% risk of failure)
Press: ? - help, Shift-Dir - straight line, f/p - iguana
Aim: an iguana (lightly wounded, poisoned, 75% to hit)
The sting misses the iguana.
The iguana bites you!
You die...

.........# ...#
#........## ...#
#......... ...#
#.......### ...#
####......... ...#
...........# ...#
.....##...######.>.#...
..............l@.......
........#.######...#...
........#..# ...#
##..#.#..#.# ####
#.......l...#
##...>........#
....########### .#...
..#


You could see an iguana (poisoned).

Vanquished Creatures
  A worm (D:2)
  2 dart slugs
  3 endoplasms
  A giant cockroach (D:2)
  5 goblins
  5 hobgoblins
  A ball python (D:1)
  A bat (D:1)
  2 frilled lizards
  4 kobolds
  6 rats
31 creatures vanquished.

Notes
Turn   | Place    | Note
-------+----------+-------------------------------------------
     0 | D:1      | Nattfarinn the Demonspawn Venom Mage began the quest for
                  | the Orb.
     0 | D:1      | Reached XP level 1. HP: 13/13 MP: 3/3
   151 | D:1      | You fall into a shaft and drop 1 floor!
   175 | D:1      | Gained mutation: You have a pair of small antennae on your
                  | head. [demonic ancestry]
   175 | D:1      | Reached XP level 2. HP: 19/19 MP: 0/5
   236 | D:1      | Learned a level 1 spell: Shock
   650 | D:1      | Found a faded altar of an unknown god.
  1219 | D:2      | Reached XP level 3. HP: 24/24 MP: 4/6
  1710 | D:3      | Noticed Grinder
  1717 | D:3      | Paralysed by Grinder for 2 turns
  1719 | D:3      | Gained mutation: Your spells are a little harder to cast,
                  | but a little more powerful. [potion of mutation]
  1734 | D:3      | Reached skill level 4 in Poison Magic
  1737 | D:3      | Slain by an iguana

Illustrated notes

Levels and vault maps discovered:
D:1:      elethiomel_arrival_quiet, layout_basic,
          hellmonk_ecumenical_altar_defaced_shrine
D:2:      layout_loops_ring, serial_park_tiny_pond
D:3:      layout_rooms, minmay_misc_feat_alley, grunt_decor_resistance,
          nicolae_kite_square_tiling_tiny, uniq_grinder

Skill      XL: |  1  2  3 |
---------------+----------+-----
Poison Magic   | 4 |  4.0
Dodging        | |  1.7
Stealth        | |  1.7
Spellcasting   | |  2.6
Transmutations | |  0.8

Action                     || total
---------------------------++-------
  Melee: Unarmed           ||    19
   Fire: Sling             ||    24
   Cast: Sting             ||    41
    Use: Scroll            ||     1
         Potion            ||     1
 Armour: Robe              ||     6
  Dodge: Dodged            ||    17

Table legend: (Time is in decaauts)
 A = Elapsed time spent in this place.
 B = Non-inter-level travel time spent in this place.
 C = Inter-level travel time spent in this place.
 D = Time resting spent in this place.
 E = Time spent auto-exploring this place.
 F = Levels seen in this place.
 G = Mean time per level.
                   A        B        C        D        E       F      G
               +--------+--------+--------+--------+--------+-----+--------+
         Total |   1745 |   1712 |     33 |      0 |   1474 |   3 |  581.7 |
       Dungeon |   1745 |   1712 |     33 |      0 |   1474 |   3 |  581.7 |
               +--------+--------+--------+--------+--------+-----+--------+

Top non-repeatable levels by time:
     D:1: 1012 daAuts
     D:2: 689 daAuts
     D:3: 42 daAuts
